 Dungeon Sprint DCSS version 0.24.1-14-gf8d2b509d9 (webtiles) character file.

Game seed: 7520139422689369479, levelgen mode: deterministic

1004 Chiseanne the Imperceptible (level 8, -9/55 HPs)
             Began as a Spriggan Assassin on June 3, 2020.
             Was an Initiate of Fedhas.
             Mangled by a deep troll (10 damage)
             ... in the Dungeon (Sprint I: "Red Sonja").
             The game lasted 00:02:22 (463 turns).

Chiseanne the Imperceptible (Spriggan Assassin)      Turns: 463, Time: 00:02:22

Health: -9/55      AC:  3    Str: 12    XL:     8   Next: 0%
Magic:  9/9        EV: 17    Int: 13    God:    Fedhas [......]
Gold:   606        SH:  0    Dex: 19    Spells: 7/7 levels left

rFire    . . .     SeeInvis +   a - +1 dagger (venom)
rCold    . . .     Gourm    .   (shield restricted)
rNeg     . . .     Faith    .   b - +0 robe
rPois    .         Spirit   .   (helmet restricted)
rElec    .         Reflect  .   c - +0 cloak
rCorr    .         Harm     .   (gloves unavailable)
MR       +....     NoTele   +   (boots unavailable)
Stlth    ..........             (no amulet)
HPRegen  0.18/turn              (no ring)
MPRegen  0.11/turn              (no ring)

@: berserking, very quick
A: very small, unfitting armour, see invisible, herbivore, speed 3, slow
metabolism 2
a: Renounce Religion


You were in the Dungeon.
You worshipped Fedhas.
Fedhas was noncommittal.
You were not hungry.

You visited 1 branch You collected 606 gold pieces.

Inventory:

Hand Weapons
 a - a +1 dagger of venom (weapon)
Missiles
 d - 7 poisoned darts
 m - 7 curare-tipped darts (quivered)
 n - 27 bolts
 o - 20 arrows
Armour
 b - a +0 robe (worn)
 c - a +0 cloak (worn)
Wands
 e - a wand of polymorph (13)
Scrolls
 l - a scroll of blinking
Potions
 g - 4 potions of curing
 h - a potion of heal wounds
 i - a potion of haste
 j - 2 potions of magic
Comestibles
 f - a ration


   Skills:
 - Level 1.5 Fighting
 - Level 2.1 Short Blades
 - Level 2.0 Throwing
 * Level 1.5 Dodging
 * Level 23.7 Stealth


You had 7 spell levels left.
You didn't know any spells.
Your spell library was empty.

Dungeon Overview and Level Annotations

Branches:
Dungeon (1/1)

Altars:
Cheibriados
Dithmenos
Elyvilon
Fedhas
Gozag
Hepliaklqana
Kikubaaqudgha
Nemelex Xobeh
Okawaru
Qazlal
Ru
Sif Muna
Trog
Uskayaw
Vehumet
Wu Jian
Yredelemnul
Zin
The Shining One

Shops:
D ?(


Innate Abilities, Weirdness & Mutations

You are very small and have problems with some larger weapons.
You are too small for most types of armour.
You have supernaturally acute eyesight. (SInv)
You are a herbivore.
You cover ground extremely quickly.
You need to consume almost no food.


Message History

There is an open door here.
A red film seems to cover your vision as you go berserk!
You feel yourself moving faster!
You feel mighty!
You closely miss the deep troll. The deep troll barely misses you. x2
The deep troll claws you!
You hit the deep troll.
The deep troll is poisoned.
The deep troll is lightly wounded.
The deep troll bites you. The deep troll claws you!
The deep troll closely misses you.
You puncture the deep troll!
The deep troll looks as sick as possible!
The deep troll is moderately wounded.
You hit the deep troll.
The deep troll looks as sick as possible!
The deep troll is moderately wounded.
The deep troll bites you!!
* * * LOW HITPOINT WARNING * * *
The deep troll claws you!
You die...
Fedhas appreciates your contribution to the ecosystem.

#<.#.)'..#.)'..#__*,,+,,,*,,*
#..'..#.)'..#..+,,+,,*,,,**+*
#..#####'#####'#__****,,,+,,*
#..####..#...#.#***,,*****,,+
#..#__####..##.#≈≈≈,,*,,**+**
#..#_____##'#_.+≈≈≈,,+,,*,,,,
#⌠⌠#_.∩...'§§§_#≈≈≈,,*,,*,,,,
####_..__##§§#'#*+*****+***,,
*,,#_____###@#.#,,,,***,+,*,,
############T####+###,***,*,,
#∩^.......§§§§§$$.$$+,∩**,*,,
###++++####§§§#######****,**+
*,,,,,,,*###§###,,,,,,,**,**,
*,,,,,,,,#.#+#.#,,,,,,,,+,***
*,,*,,,,,#*....#+++******,*,,
*,,,,,,,,#...*.#,,,,,,,,*,***
*,,,,,*,,#######,,,,,,,*+,*,,


You could see a deep troll.

Vanquished Creatures
  Sonja (D)
  Sigmund (D)
  A yak (D)
  An ogre (D)
  A jelly (D)
  Ijyb (D)
6 creatures vanquished.

Notes
Turn   | Place    | Note
-------+----------+-------------------------------------------
     0 | D        | Chiseanne the Spriggan Assassin began the quest for the
                  | Orb.
     0 | D        | Reached XP level 1. HP: 10/10 MP: 2/2
     1 | D        | Noticed Ijyb
     8 | D        | Killed Ijyb
     8 | D        | Reached skill level 10 in Stealth
     8 | D        | Reached XP level 2. HP: 14/14 MP: 3/3
    11 | D        | Noticed an ogre
    14 | D        | Killed an ogre
    14 | D        | Reached skill level 14 in Stealth
    14 | D        | Reached XP level 3. HP: 18/18 MP: 4/4
    14 | D        | Reached XP level 4. HP: 22/22 MP: 5/5
    23 | D        | Noticed Sigmund
    26 | D        | Killed Sigmund
    26 | D        | Reached skill level 18 in Stealth
    26 | D        | Reached XP level 5. HP: 25/25 MP: 6/6
    26 | D        | Reached XP level 6. HP: 30/30 MP: 7/7
    38 | D        | Found an ornate altar of the Wu Jian Council.
    38 | D        | Found a shimmering blue altar of Sif Muna.
    40 | D        | Found a radiant altar of Vehumet.
    73 | D        | Found Licwax's Weapon Emporium.
    73 | D        | Found an ancient bone altar of Kikubaaqudgha.
    73 | D        | Found a hazy altar of Hepliaklqana.
    73 | D        | Found a hide-covered altar of Uskayaw.
    73 | D        | Found a basalt altar of Yredelemnul.
    73 | D        | Found an opulent altar of Gozag.
    73 | D        | Found a snail-covered altar of Cheibriados.
    73 | D        | Found a sacrificial altar of Ru.
    73 | D        | Found a shadowy altar of Dithmenos.
    73 | D        | Noticed a yak
    74 | D        | Found a stormy altar of Qazlal.
    74 | D        | Found a blossoming altar of Fedhas.
    74 | D        | Found a bloodstained altar of Trog.
    74 | D        | Found an iron altar of Okawaru.
    74 | D        | Found a glowing golden altar of the Shining One.
    74 | D        | Found a glowing silver altar of Zin.
    74 | D        | Found a white marble altar of Elyvilon.
    94 | D        | Killed a yak
    94 | D        | Reached skill level 20 in Stealth
   291 | D        | Found a sparkling altar of Nemelex Xobeh.
   297 | D        | Became a worshipper of Fedhas Madash
   303 | D        | Noticed Sonja
   307 | D        | Killed Sonja
   307 | D        | Reached skill level 23 in Stealth
   307 | D        | Reached XP level 7. HP: 33/33 MP: 8/8
   307 | D        | Reached XP level 8. HP: 37/37 MP: 9/9
   325 | D        | Found Ikoka's Magic Scroll Boutique.
   452 | D        | Noticed a deep troll
   463 | D        | HP: 1/55 [deep troll (25)]
   463 | D        | Mangled by a deep troll

Levels and vault maps discovered:
D:        dungeon_sprint_1 [red_sonja_temple_1, red_sonja_temple_small_1]

Skill      XL: |  1  2  3  4  5  6 |
---------------+-------------------+-----
Stealth        | 10 14 18 23 | 23.7
Fighting       | |  1.5
Short Blades   | |  2.1
Throwing       | |  2.0
Dodging        | |  1.5

Action                   |  1- 3 |  4- 6 |  7- 9 || total
-------------------------+-------+-------+-------++-------
Melee: Dagger            |     4 |     4 |     5 ||    13
Throw: Dart              |     2 |     7 |       ||     9
Evoke: Wand              |       |       |     1 ||     1
  Use: Scroll            |       |       |     2 ||     2
       Potion            |       |       |     1 ||     1
 Stab: Sleeping          |     1 |     3 |       ||     4
Armor: Robe              |     1 |       |       ||     1
Dodge: Dodged            |     2 |     1 |     3 ||     6
